 Dungeon Crawl Stone Soup version 0.28.0-45-g0d030f2227 (webtiles) character file.

Game seed: 2701804764298540704

238 101zpm the Chopper (level 6, -1/53 HPs)
             Began as a Gnoll Cinder Acolyte on Apr 21, 2022.
             Was a High Priest of Ignis.
             Succumbed to an orc wizard's poison
             ... on level 3 of the Dungeon.
             The game lasted 00:08:42 (5290 turns).

101zpm the Chopper (Gnoll Cinder Acolyte)           Turns: 5290, Time: 00:08:43

Health: -1/53      AC:  7    Str: 13    XL:     6   Next: 7%
Magic:  2/11       EV: 15    Int: 15    God:    Ignis [*****.]
Gold:   164        SH:  0    Dex:  8    Spells: 8/11 levels left

rFire   + . .      SeeInvis .   a - -1 hand axe (flame)
rCold   . . .      Faith    .   (no shield)
rNeg    . . .      Spirit   .   b - +0 robe
rPois   .          Reflect  .   u - +0 helmet
rElec   .          Harm     .   (no cloak)
rCorr   .          Rampage  .   (no gloves)
Will    .....                   (no boots)
Stlth   ++........              (no amulet)
HPRegen 0.17/turn               c - +4 ring of evasion
MPRegen 0.12/turn               h - +4 ring of protection

@: lethally poisoned (-1 -> -29)
A: fangs 1, strong nose, distributed training
a: Renounce Religion, Fiery Armour, Foxfire Swarm, Rising Flame


You were on level 3 of the Dungeon.
You worshipped Ignis.
Ignis was extremely pleased with you.
You visited 1 branch of the dungeon, and saw 4 of its levels.

You collected 164 gold pieces.

Inventory:

Hand Weapons
 a - a -1 hand axe of flaming (weapon)
 r - a +0 shortbow
Missiles
 n - 76 stones (quivered)
 o - 4 sling bullets
 p - 40 arrows
 q - 4 javelins
Armour
 b - a +0 robe (worn)
 u - a +0 helmet (worn)
Jewellery
 c - a +4 ring of evasion (left hand)
 h - a +4 ring of protection (right hand)
Wands
 j - a wand of charming (10)
Scrolls
 d - 2 scrolls of noise {unknown}
 e - 2 scrolls of vulnerability {unknown}
 i - 2 scrolls of identify {unknown}
 k - a scroll of amnesia {unknown}
 s - a scroll of enchant weapon {unknown}
 t - a scroll of fog {unknown}
Potions
 f - 2 potions of degeneration {unknown}
 g - a potion of brilliance {unknown}
 l - 4 potions of curing {unknown}
 m - a potion of haste {unknown}


   Skills:
 + Level 6.8 Fighting
 + Level 1.8 Short Blades
 + Level 1.8 Long Blades
 + Level 6.8 Axes
 + Level 1.8 Maces & Flails
 + Level 1.8 Polearms
 + Level 1.8 Staves
 + Level 1.8 Slings
 + Level 1.8 Bows
 + Level 1.8 Crossbows
 + Level 1.8 Throwing
 + Level 1.8 Armour
 + Level 1.8 Dodging
 + Level 1.8 Stealth
 + Level 1.8 Shields
 + Level 1.8 Unarmed Combat
 + Level 3.3 Spellcasting
 + Level 1.4 Conjurations
 + Level 1.4 Hexes
 + Level 1.4 Summonings
 + Level 1.4 Necromancy
 + Level 1.4 Translocations
 + Level 1.4 Transmutations
 + Level 5.6 Fire Magic
 + Level 1.4 Ice Magic
 + Level 1.4 Air Magic
 + Level 1.4 Earth Magic
 + Level 1.4 Poison Magic
 + Level 2.0 Invocations
 + Level 1.8 Evocations


You had 8 spell levels left.
You knew the following spells:

 Your Spells              Type           Power      Damage    Failure   Level
a - Scorch                Fire           38%        2d6       3%          2
b - Slow                  Hex            24%        N/A       11%         1

Your spell library contained the following spells:

 Spells                   Type           Power      Damage    Failure   Level
 Foxfire                  Conj/Fire      52%        2x1d6     4%          1
 Conjure Flame            Conj/Fire      13%        6-21      14%         3
 Inner Flame              Hex/Fire       13%        N/A       14%         3
 Confusing Touch          Hex            6%         N/A       32%         3
 Summon Guardian Golem    Hex/Summ       6%         N/A       32%         3
 Vampiric Draining        Necr           6%         2d6       32%         3
 Flame Wave               Conj/Fire      13%        2d6       41%         4
 Orb of Destruction       Conj           3%         9d5       100%        7
 Spellforged Servitor     Conj/Summ      3%         N/A       100%        7


Dungeon Overview and Level Annotations

Branches:
Dungeon (4/15)
 Temple: D:4-7

Altars:
Dithmenos
Hepliaklqana

Shops:
D:3 [(*

Annotations:
D:2 Sigmund


Innate Abilities, Weirdness & Mutations

You have very sharp teeth.
Your uncanny sense of smell can sniff out nearby items.
Your experience applies equally to all skills.


Message History

The orc wizard is severely wounded.
The orc wizard's fire resistance burns away.
You feel very sick. The scorpion closely misses you.
The orc wizard closely misses you.
Casting: Scorch (safe; 3% risk of failure)
Confirm with . or Enter, or press ? or * to list all spells.
Flames lash the scorpion.
The scorpion is burned terribly!
You kill the scorpion!
You feel very sick.
The orc wizard gestures wildly while chanting.
The orc wizard flickers and vanishes!
Deactivating autopickup; reactivate with Ctrl-A.
Your Invocations skill increases to level 2!
You have reached level 6!
You feel sick. Something hits you but does no damage.
You are more poisoned.
You climb upwards.
Reactivating autopickup.
You feel very sick.
There is a stone staircase leading down here.
You feel sick.
You hear some strange, mumbled words.
Deactivating autopickup; reactivate with Ctrl-A.
Something tries to affect you, but you resist.
Things that are here:
a +0 ring mail; a +0 trident You feel sick.
Something hits you but does no damage.
You are lethally poisoned!
You barely miss something. Your bite misses something.
* * * LOW HITPOINT WARNING * * *
You feel very sick. Something hits you but does no damage.
You are more poisoned.
You barely miss something.
* * * LOW HITPOINT WARNING * * *
You feel very sick. Something hits you.
* * * LOW HITPOINT WARNING * * *
You are more poisoned.
You barely miss something.
You die...

# ####### #.###.# #.# # #.....#
##.# #.# ######.# # #.....# #..#
#.# #......# ###.....# #.## #.#
#.######
........#########.####.###.# #.
.##..................#..##.# ##.
.##.....#########.##..#.##.####..
.###..###### ##[###.#.#.......#
.# #..##...#####@># #.....<######
.# #..##...#....{######....## ##
.# #..#..................#..####.
.# #.......#.....###.....##....#.
.###.......#...........#..####...
.......#...#.........#......###..
#.#..#.....#.......#######.......
#.####...........#.# ##..∩...#..
#.## ###...........####..........


There were no monsters in sight!

Vanquished Creatures
  A centaur (D:3)
  A scorpion (D:4)
  A centaur skeleton (D:3)
  An adder (D:3)
  2 dart slugs
  3 orcs
  10 ball pythons
  3 bats
  7 endoplasms
  3 giant cockroaches (D:2)
  4 goblins
  6 hobgoblins
  6 kobolds
  A quokka (D:1)
  2 frilled lizards
  5 rats
56 creatures vanquished.

Notes
Turn   | Place    | Note
-------+----------+-------------------------------------------
     0 | D:1      | 101zpm the Gnoll Cinder Acolyte began the quest for the
                  | Orb.
     0 | D:1      | Reached XP level 1. HP: 23/23 MP: 4/4
   449 | D:1      | Reached XP level 2. HP: 26/29 MP: 5/5
  1217 | D:2      | Learned a level 2 spell: Scorch
  1302 | D:2      | Reached XP level 3. HP: 35/35 MP: 7/7
  1658 | D:2      | Noticed Sigmund
  1780 | D:3      | Found a hazy altar of Hepliaklqana.
  1817 | D:3      | Reached skill level 1 in Invocations
  1822 | D:3      | Reached skill level 1 in Short Blades
  1822 | D:3      | Reached skill level 1 in Long Blades
  1822 | D:3      | Reached skill level 1 in Maces & Flails
  1822 | D:3      | Reached skill level 1 in Polearms
  1822 | D:3      | Reached skill level 1 in Staves
  1822 | D:3      | Reached skill level 1 in Slings
  1822 | D:3      | Reached skill level 1 in Bows
  1822 | D:3      | Reached skill level 1 in Crossbows
  1822 | D:3      | Reached skill level 1 in Throwing
  1822 | D:3      | Reached skill level 1 in Armour
  1822 | D:3      | Reached skill level 1 in Dodging
  1822 | D:3      | Reached skill level 1 in Stealth
  1822 | D:3      | Reached skill level 1 in Shields
  1822 | D:3      | Reached skill level 1 in Unarmed Combat
  1822 | D:3      | Reached skill level 1 in Evocations
  1822 | D:3      | Reached XP level 4. HP: 29/41 MP: 8/8
  1824 | D:3      | Learned a level 1 spell: Slow
  1920 | D:3      | Found Piero's Weapon Shop.
  2045 | D:3      | Found Nylytepp's General Store.
  2057 | D:3      | Found a shadowy altar of Dithmenos.
  2126 | D:3      | Noticed a centaur
  2377 | D:2      | Reached skill level 1 in Conjurations
  2377 | D:2      | Reached skill level 1 in Hexes
  2377 | D:2      | Reached skill level 1 in Summonings
  2377 | D:2      | Reached skill level 1 in Necromancy
  2377 | D:2      | Reached skill level 1 in Translocations
  2377 | D:2      | Reached skill level 1 in Transmutations
  2377 | D:2      | Reached skill level 1 in Ice Magic
  2377 | D:2      | Reached skill level 1 in Air Magic
  2377 | D:2      | Reached skill level 1 in Earth Magic
  2377 | D:2      | Reached skill level 1 in Poison Magic
  3979 | D:3      | Killed a centaur
  3980 | D:3      | Reached XP level 5. HP: 38/47 MP: 0/9
  4158 | D:3      | Found Huilosm's Armour Shoppe.
  5284 | D:4      | Reached XP level 6. HP: 27/53 MP: 1/11
  5290 | D:3      | Succumbed to an orc wizard's poison

Illustrated notes

Levels and vault maps discovered:
D:1:      eino_arrival_tree_alley, layout_loops_cross, minmay_parallelograms
D:2:      layout_loops_corners, minmay_goblin_kobold_house, uniq_sigmund
D:3:      layout_rooms, mainiacjoe_overflow_alcove_2, general_overflow_altar,
          serial_shops, shop, nicolae_shop_statue_plus,
          nicolae_shop_statue_plus, minivault_5
D:4:      layout_rooms, gammafunk_temple_overflow_pools, temple_fountains

Skill      XL: |  1  2  3  4  5 |
---------------+----------------+-----
Invocations    | 1 2 |  2.0
Short Blades   | 1 |  1.8
Long Blades    | 1 |  1.8
Maces & Flails | 1 |  1.8
Polearms       | 1 |  1.8
Staves         | 1 |  1.8
Slings         | 1 |  1.8
Bows           | 1 |  1.8
Crossbows      | 1 |  1.8
Throwing       | 1 |  1.8
Armour         | 1 |  1.8
Dodging        | 1 |  1.8
Stealth        | 1 |  1.8
Shields        | 1 |  1.8
Unarmed Combat | 1 |  1.8
Evocations     | 1 |  1.8
Spellcasting   | 3 |  3.3
Conjurations   | 1 |  1.4
Hexes          | 1 |  1.4
Summonings     | 1 |  1.4
Necromancy     | 1 |  1.4
Translocations | 1 |  1.4
Transmutations | 1 |  1.4
Ice Magic      | 1 |  1.4
Air Magic      | 1 |  1.4
Earth Magic    | 1 |  1.4
Poison Magic   | 1 |  1.4
Fighting       | |  6.8
Axes           | |  6.8
Fire Magic     | |  5.6

Action                   |  1- 3 |  4- 6 || total
-------------------------+-------+-------++-------
Melee: Hand axe          |    89 |    73 ||   162
       Bite              |     8 |     5 ||    13
 Cast: Scorch            |       |    10 ||    10
       Slow              |       |     6 ||     6
 Stab: Sleeping          |     1 |     1 ||     2
Armor: Robe              |    12 |    20 ||    32
Dodge: Dodged            |    56 |    85 ||   141
